 Dungeon Crawl Stone Soup version 0.18-a0-750-g37044d6 (webtiles) character file.

51 cluie the Skirmisher (level 3, 29/29 HPs)
             Began as a Demonspawn Fighter on Dec 11, 2015.
             Was a Follower of Qazlal.
             Quit the game on level 2 of the Dungeon.
             The game lasted 00:01:54 (1785 turns).

cluie the Skirmisher (Demonspawn Fighter)           Turns: 1785, Time: 00:01:54

Health: 29/29      AC:  6    Str: 16    XL:     3   Next: 57%
Magic:  3/3        EV:  6    Int:  9    God:    Qazlal [*.....]
Gold:   90         SH: 10    Dex: 13    Spells: 0 memorised, 2 levels left

rFire  + . .     SeeInvis .     a - +0 long sword
rCold  . . .     Clarity  .     b - +0 scale mail
rNeg   . . .     SustAt   .     c - +0 shield
rPois  .         Gourm    .     (no helmet)
rElec  .         Spirit   .     (no cloak)
rCorr  .         Dismiss  .     (no gloves)
rMut   .         Stasis   .     (no boots)
MR     .....                    (no amulet)
Stlth  ..........               (no ring)
                                (no ring)

@: not resistant to hostile enchantments, extremely unstealthy
A: fire resistance 1
a: Renounce Religion


You were on level 2 of the Dungeon.
You worshipped Qazlal.
Qazlal was aware of your devotion.
You were near starving.

You visited 1 branch of the dungeon, and saw 2 of its levels.

You collected 90 gold pieces.

Inventory:

Hand Weapons
 a - a +0 long sword (weapon)
Armour
 b - a +0 scale mail (worn)
 c - a +0 shield (worn)
Scrolls
 g - a scroll of recharging {unknown}
 i - a scroll of teleportation {unknown}
 j - 2 scrolls of immolation {unknown}
 k - 2 scrolls of identify {unknown}
 l - 3 scrolls of magic mapping {unknown}
Potions
 d - a potion of might
 f - 4 potions of agility {unknown}
 h - a potion of lignification {unknown}
 n - a potion of degeneration {unknown}
Comestibles
 e - 2 bread rations
 m - a meat ration


   Skills:
 * Level 3.6 Fighting
 * Level 2.6 Long Blades
 + Level 3.1 Armour
 - Level 2.6 Shields


You had 2 spell levels left.
You didn't know any spells.

Dungeon Overview and Level Annotations

Branches:
Dungeon (2/15)

Altars:
Pakellas
Qazlal


Innate Abilities, Weirdness & Mutations

Your flesh is heat resistant.


Message History

Search for what [Enter for "."]?
Okay, then.
Search for what [Enter for "."]? pak You open the door.
There is an open door here.
There is an oddly glowing altar of Pakellas here.
Eat which item? (? for menu, Esc to quit)
Okay, then.
Search for what [Enter for "pak", or ? for help]? fad
There is a faded altar to an unknown god here.
This altar will convert you to a god.
You cannot discern which.
Do you pray? Qazlal accepts your prayer! Qazlal welcomes you!
Qazlal grants you immunity to your own clouds.
You are surrounded by a storm.
Enter note: ok sure
Enter note: wait no Autopickup is now off.
Autopickup is now on.
Are you sure you want to abandon this character and quit the game? (Confirm with "yes".)

######## #....... ### #.#####.
##.######## ####.# #.
##.........###....#####.
##......8.......#......#.
#......8.8...##....###.#.
#######....8.@.8...####.......
#...........8.8.....# #####.##
## #.#######....8.....## #.#
.# #.# #.........## #.# .# #.#
#####.#....##.# #.# .# #.#
#.....#...###.# #.# .# #.#
#.###.###.###+## #.## .#
#.###.###.# #......## #... .#
#.........# ###.....## ####


There were no monsters in sight!

Vanquished Creatures
  2 adders (D:2)
  2 oozes (D:1)
  3 goblins
  A hobgoblin (D:1)
  3 jackals (D:2)
  5 kobolds
  4 bats (D:1)
  2 giant cockroaches
  3 giant newts
  5 rats
30 creatures vanquished.

Notes
Turn   | Place    | Note
--------------------------------------------------------------
     0 | D:1      | cluie the Demonspawn Fighter began the quest for the Orb.
     0 | D:1      | Reached XP level 1. HP: 18/18 MP: 1/1
   292 | D:1      | Gained mutation: Your flesh is heat resistant. [demonic ancestry]
   292 | D:1      | Reached XP level 2. HP: 18/24 MP: 2/2
   864 | D:2      | Reached XP level 3. HP: 18/29 MP: 3/3
  1597 | D:2      | Found an oddly glowing altar of Pakellas.
  1613 | D:2      | Found a faded altar to an unknown god.
  1785 | D:2      | Became a worshipper of Qazlal Stormbringer
  1785 | D:2      | Reached * piety under Qazlal
  1785 | D:2      | ok sure
  1785 | D:2      | wait no
  1785 | D:2      | Quit the game

Vault maps used:
D:1:      dpeg_arrival_rhombi, minmay_box_of_dots
D:2:      ecumenical_altar_2, grunt_pakellas_sulfur

Action                   || total
-------------------------++-------
Melee: Long sword        ||    92
  Eat: Chunk             ||     1
